 Dungeon Sprint DCSS version 0.16-b1 (webtiles) character file.

11067 Medar the Fetichist (level 11, -5/71 HPs)
             Began as a Gargoyle Artificer on Mar 5, 2015.
             Was the Champion of Okawaru.
             Slain by a lorocyproca (25 damage)
             ... in the Dungeon (Sprint I: "Red Sonja").
             The game lasted 00:21:39 (3341 turns).

Medar the Fetichist (Gargoyle Artificer)            Turns: 3341, Time: 00:21:39

Health: -5/71      AC: 26    Str: 23      XL:     11   Next: 71%
Magic:  0/28       EV:  9    Int: 10 (13) God:    Okawaru [******]
Gold:   36         SH:  6    Dex: 10      Spells: 0 memorised, 10 levels left

rFire  . . .     SeeInvis .     a - +1 scimitar (drain)
rCold  . . .     Clarity  .     C - +2 chain mail {rN+}
rNeg   + + .     SustAb   .     r - +0 buckler
rPois  ∞         Gourm    .     (no helmet)
rElec  +         Spirit   .     s - +1 cloak
rCorr  .         Warding  .     B - +0 pair of gloves (curse)
rMut   .         NoTele   +     p - +0 pair of boots
MR     .....                    (no amulet)
Stlth  ..........               (no ring)
                                (no ring)

@: mighty, very slightly contaminated, hasted, very quick, not resistant to
hostile enchantments, extremely unstealthy
A: negative energy resistance 1, electricity resistance, unbreathing,
petrification resistance, rot immunity, AC +7
a: Heroism, Finesse, Renounce Religion


You were in the Dungeon.
You worshipped Okawaru.
Okawaru was exalted by your worship.
You were hungry.

You visited 1 branch You collected 1765 gold pieces.
You spent 1729 gold pieces at shops.

Inventory:

Hand weapons
 a - a +1 scimitar of draining (weapon)
 g - a +1 short sword
 h - a +1 dagger of speed
 k - the +4 long sword of a sewer {holy, MR- Dex+5}
   (You found it in the Dungeon)

   It has been blessed by the Shining One to cause great damage to the undead
   and demons.
   It affects your dexterity (+5).
   It affects your resistance to hostile enchantments.
 n - a +0 club
 u - a +0 blowgun
 v - a +0 dagger of draining
Missiles
 q - 4 javelins of penetration (quivered)
 t - 4 curare-tipped needles
Armour
 p - a +0 pair of boots (worn)
 r - a +0 buckler (worn)
 s - a +1 cloak (worn)
 B - a cursed +0 pair of gloves (worn)
 C - a +2 chain mail of positive energy (worn)
Magical staves
 A - an uncursed staff of power {!a}
Magical devices
 b - a wand of flame (0)
 c - a wand of enslavement (3)
 d - a wand of random effects (0)
 e - a wand of fire (0)
 m - a wand of hasting (0)
 w - a wand of cold (0)
 z - a wand of lightning (0)
 G - a wand of confusion (16)
Scrolls
 l - a scroll of blinking
 y - a scroll of fear
 D - a scroll of identify {@r2}
Potions
 j - 2 potions of magic
 o - a potion of might
 H - a potion of restore abilities {unknown}
 I - a potion of brilliance {unknown}
Comestibles
 f - a bread ration
 x - a fruit


   Skills:
 - Level 9.1 Fighting
 - Level 12.0(13.5) Short Blades
 + Level 10.8(13.0) Long Blades
 - Level 10.2 Armour
 - Level 2.8 Dodging
 - Level 1.1 Stealth
 - Level 11.4 Shields
 - Level 15.6 Evocations


You had 10 spell levels left.
You didn't know any spells.

Dungeon Overview and Level Annotations

Branches:
Dungeon (1/1)

Altars:
Cheibriados
Dithmenos
Elyvilon
Fedhas
Gozag
Kikubaaqudgha
Makhleb
Nemelex Xobeh
Okawaru
Qazlal
Ru
Sif Muna
Trog
Vehumet
Xom
Yredelemnul
Zin
The Shining One
Jiyva

Shops:
D *:!*:=?!(!*[(%*}*[([:

Annotations:
D Norris


Innate Abilities, Weirdness & Mutations

You are resistant to torment.
You are immune to poison.
Your stone body is very resilient (AC +7).
You resist negative energy.
You are resistant to electric shocks.
You can survive without breathing.
You are immune to petrification.
You are immune to rotting.


Message History

You feel very mighty all of a sudden. Something hits you but does no damage.
You closely miss something. Something completely misses you.
You hit something. Something hits you!!
* * * LOW HITPOINT WARNING * * *
You feel your power leaking away.
You slice something!!
Drink which item? (? for menu, Esc to quit)
You feel yourself speed up. Something hits you but does no damage.
You are very lightly contaminated with residual magic.
Drink which item? (? for menu, Esc to quit)
You feel better. Something hits you!
* * * LOW HITPOINT WARNING * * *
Drink which item? (? for menu, Esc to quit)
You feel better. Something hits you.
* * * LOW HITPOINT WARNING * * *
You miss something. You barely miss something. You closely miss something.
Something hits you!!
You die...

###############################
..'..#__#.)'...#(.#§§§)†..§§§.+
).#..'..'.)#...##'#§####§.§§§##
####'#__####...'§.#.# ##§§§##
...#.####§.#####@§'.#+#$###+#
..##§#§≈§§§#.§##{####..$#{#
#'#.§§§§§§§'§§#§)§.§#..$###
'..._#§§§§§#..#.^§§§§..$$$#
#_.#'##'#####'###§§§#^....#
##+#.#.§§.###.'.#§§§###++##
##.####'###.###.#..##
'...'[....'(∩##.#..#
#...###########.##+#


There were no monsters in sight!

Vanquished Creatures
  A deep troll (D)
  2 unseen horrors (D)
  A lindwurm (D)
  5 shining eyes (D)
  An oklob plant (D)
  A gargoyle (D)
  2 kobold demonologists (D)
  4 demonic crawlers (D)
  Sonja (D)
  A slime creature (D)
  A yak (D)
  4 trapdoor spiders (D)
  13 hogs (D)
  5 necrophages (D)
  7 jellies (D)
  4 giant eyeballs (D)
  A ballistomycete (D)
54 creatures vanquished.

Vanquished Creatures (collateral kills)
  2 centaur warriors (D)
  3 shining eyes (D)
  A wasp (D)
  A necrophage (D)
  An ogre (D)
  Sigmund (D)
  A jelly (D)
  2 giant eyeballs (D)
12 creatures vanquished.

Vanquished Creatures (others)
  A swamp drake (D)
  3 wasps (D)
  A necrophage (D)
  2 giant spores (D)
7 creatures vanquished.

Grand Total: 73 creatures vanquished

Notes
Turn   | Place    | Note
--------------------------------------------------------------
     0 | D        | Medar, the Gargoyle Artificer, began the quest for the Orb.
     0 | D        | Reached XP level 1. HP: 12/12 MP: 1/1
     1 | D        | Noticed Ijyb
     2 | D        | Noticed Ijyb
     2 | D        | Ijyb changed into Ijyb the porcupine
     4 | D        | Noticed Ijyb
     4 | D        | Ijyb the porcupine changed into Ijyb the swamp drake
     5 | D        | Noticed an ogre
    11 | D        | Killed an ogre
    11 | D        | Reached skill level 3 in Fighting
    11 | D        | Reached skill level 4 in Evocations
    11 | D        | Reached XP level 2. HP: 16/19 MP: 3/3
    11 | D        | Reached XP level 3. HP: 19/23 MP: 5/5
    21 | D        | Noticed Sigmund
    31 | D        | Killed Sigmund
    31 | D        | Reached skill level 5 in Evocations
    31 | D        | Reached XP level 4. HP: 24/29 MP: 7/7
    43 | D        | Found a deep blue altar of Sif Muna.
    44 | D        | Noticed a jelly
    45 | D        | Found a radiant altar of Vehumet.
    52 | D        | Ijyb the swamp drake (ally) was killed
    52 | D        | Your ally Ijyb died
    52 | D        | Reached skill level 6 in Evocations
    53 | D        | Killed a jelly
    53 | D        | Reached skill level 5 in Fighting
    53 | D        | Reached skill level 7 in Evocations
    53 | D        | Reached XP level 5. HP: 20/35 MP: 8/10
   187 | D        | Found Jeimecakle's General Store.
   187 | D        | Found a white marble altar of Elyvilon.
   187 | D        | Found a stormy altar of Qazlal.
   187 | D        | Found a burning altar of Makhleb.
   187 | D        | Found a sacrificial altar of Ru.
   187 | D        | Found a basalt altar of Yredelemnul.
   187 | D        | Found a glowing golden altar of the Shining One.
   187 | D        | Found a sparkling altar of Nemelex Xobeh.
   187 | D        | Found a shimmering altar of Xom.
   187 | D        | Found an opulent altar of Gozag.
   187 | D        | Found an ancient bone altar of Kikubaaqudgha.
   187 | D        | Found a glowing silver altar of Zin.
   187 | D        | Noticed a yak
   208 | D        | Killed a yak
   208 | D        | Reached skill level 8 in Evocations
   208 | D        | Reached XP level 6. HP: 20/44 MP: 11/14
   220 | D        | Found an iron altar of Okawaru.
   221 | D        | Found a bloodstained altar of Trog.
   225 | D        | Bought a +0 buckler for 63 gold pieces
   225 | D        | Bought a +1 cloak for 161 gold pieces
   387 | D        | Became a worshipper of Warmaster Okawaru
   395 | D        | Noticed Sonja
   404 | D        | Killed Sonja
   404 | D        | Reached skill level 5 in Shields
   404 | D        | Reached skill level 10 in Evocations
   404 | D        | Reached XP level 7. HP: 48/48 MP: 15/18
   426 | D        | Noticed a deep troll
   436 | D        | Found Idaifonk's Assorted Antiques.
   442 | D        | Noticed a shining eye
   442 | D        | Noticed a shining eye
   442 | D        | Gained mutation: Your magical capacity is low (-10% MP). [a shining eye]
   453 | D        | Killed a shining eye
   453 | D        | Acquired Okawaru's first power
   453 | D        | Reached skill level 11 in Evocations
   571 | D        | Killed a wasp
   584 | D        | Noticed a shining eye
   585 | D        | Killed a shining eye
   585 | D        | Reached XP level 8. HP: 44/53 MP: 16/18
   588 | D        | Killed a shining eye
   595 | D        | Noticed a centaur warrior
   596 | D        | Noticed a centaur warrior
   601 | D        | Killed a centaur warrior
   601 | D        | Reached skill level 10 in Shields
   601 | D        | Reached skill level 12 in Evocations
   606 | D        | Killed a centaur warrior
   606 | D        | Reached skill level 13 in Evocations
   606 | D        | Reached XP level 9. HP: 9/57 MP: 18/20
   664 | D        | Noticed a shining eye
   664 | D        | Noticed a shining eye
   671 | D        | Bought a blackened copper wand for 92 gold pieces
   861 | D        | Killed a shining eye
   861 | D        | Reached skill level 5 in Short Blades
   861 | D        | Paralysed by a giant eyeball for 3 turns
   866 | D        | Noticed a shining eye
   867 | D        | Killed a shining eye
   869 | D        | Noticed a shining eye
   869 | D        | Gained mutation: Armour fits poorly on your strangely shaped body. [a shining eye]
   870 | D        | Killed a shining eye
   870 | D        | Acquired Okawaru's second power
   870 | D        | Gained mutation: You are frail (-10% HP). [a shining eye]
   875 | D        | Noticed a shining eye
   881 | D        | Killed a shining eye
   881 | D        | Reached skill level 10 in Short Blades
   881 | D        | Gained mutation: You are very frail (-20% HP). [a shining eye]
   892 | D        | Gained mutation: You occasionally shout uncontrollably at your foes. [a shining eye]
   894 | D        | Killed a shining eye
   894 | D        | Received a gift from Okawaru
   894 | D        | Reached XP level 10. HP: 50/50 MP: 22/22
   901 | D        | Found Qekhliqe's Book Shop.
   901 | D        | Found Phuuthim's Book Shoppe.
   901 | D        | Found Griaj's Jewellery Boutique.
   901 | D        | Found Ochuf's Distillery.
   918 | D        | Bought a potion of heal wounds for 70 gold pieces
   918 | D        | Bought a potion of curing for 42 gold pieces
   964 | D        | Found Smammyidiy's Armour Emporium.
   988 | D        | Bought a cursed +0 pair of gloves for 45 gold pieces
   993 | D        | Bought a +2 chain mail of positive energy for 240 gold pieces
  1014 | D        | Noticed a wasp
  1021 | D        | Killed a wasp
  1024 | D        | Was placed under penance by Okawaru
  1038 | D        | Killed a deep troll
  1038 | D        | Was forgiven by Okawaru
  1038 | D        | Reached skill level 14 in Evocations
  1059 | D        | Noticed an oklob plant
  1063 | D        | Noticed a trapdoor spider
  1064 | D        | Killed an oklob plant
  1203 | D        | Killed a trapdoor spider
  1203 | D        | Reached skill level 15 in Evocations
  1232 | D        | Noticed a trapdoor spider
  1237 | D        | Killed a trapdoor spider
  1238 | D        | Killed a trapdoor spider
  1238 | D        | Killed a trapdoor spider
  1550 | D        | Noticed a jelly
  1550 | D        | Noticed a jelly
  1550 | D        | Noticed a jelly
  1560 | D        | Noticed a jelly
  1560 | D        | Noticed a jelly
  1560 | D        | Noticed a jelly
  1560 | D        | Noticed a jelly
  1563 | D        | Killed a jelly
  1563 | D        | Killed a jelly
  1565 | D        | Killed a jelly
  1565 | D        | Killed a jelly
  1587 | D        | Killed a jelly
  1587 | D        | Killed a jelly
  1594 | D        | Noticed a necrophage
  1597 | D        | Noticed a necrophage
  1613 | D        | Killed a necrophage
  1615 | D        | Killed a jelly
  1624 | D        | Noticed a necrophage
  1722 | D        | Noticed a necrophage
  1739 | D        | Killed a necrophage
  1743 | D        | Noticed a necrophage
  1759 | D        | Killed a necrophage
  1788 | D        | Noticed a necrophage
  1803 | D        | a necrophage (ally) was killed
  1834 | D        | Killed an unseen horror
  1834 | D        | Received a gift from Okawaru
  1919 | D        | Killed a necrophage
  2020 | D        | Killed a necrophage
  2033 | D        | Killed a wasp
  2068 | D        | Noticed a necrophage
  2100 | D        | Killed a necrophage
  2100 | D        | Reached XP level 11. HP: 24/56 MP: 24/24
  2208 | D        | Killed an unseen horror
  2208 | D        | Reached skill level 10 in Armour
  2281 | D        | Killed a wasp
  2353 | D        | Found a viscous altar of Jiyva.
  2353 | D        | Found a blossoming altar of Fedhas.
  2353 | D        | Noticed a slime creature
  2377 | D        | Killed a slime creature
  2533 | D        | Found Paottini's Antique Armour Boutique.
  2533 | D        | Found Shiyzos' Distillery.
  2533 | D        | Found Dual's Antique Weapon Emporium.
  2534 | D        | Found Maemmaesov's Magic Scroll Shop.
  2534 | D        | Found Cafitoo's Weapon Boutique.
  2535 | D        | Found Guink's Book Emporium.
  2538 | D        | Got a translucent long sword
  2539 | D        | Identified the +4 long sword of a sewer {holy, MR- Dex+5} (You found it in the Dungeon)
  2550 | D        | Found Qesaid's Distillery.
  2550 | D        | Found Game's Assorted Antiques.
  2550 | D        | Found Striotuquv's Antique Armour Shoppe.
  2550 | D        | Found Siach's Antique Weapon Boutique.
  2550 | D        | Found Elima's Food Emporium.
  2550 | D        | Found Friosh's General Store.
  2550 | D        | Found Funuih's Gadget Shoppe.
  2550 | D        | Found Qoatexoi's General Store.
  2551 | D        | Bought a potion of cure mutation for 420 gold pieces
  2551 | D        | Lost mutation: You occasionally shout uncontrollably at your foes. [potion of cure mutation]
  2551 | D        | Lost mutation: Armour fits poorly on your strangely shaped body. [potion of cure mutation]
  2551 | D        | Lost mutation: Your magical capacity is low (-10% MP). [potion of cure mutation]
  2551 | D        | Lost mutation: You are very frail (-20% HP). [potion of cure mutation]
  2551 | D        | Lost mutation: You are frail (-10% HP). [potion of cure mutation]
  2607 | D        | Bought a scroll of fear for 42 gold pieces
  2607 | D        | Bought a scroll of identify for 24 gold pieces
  2608 | D        | Bought a potion of heal wounds for 60 gold pieces
  2608 | D        | Bought a potion of heal wounds for 60 gold pieces
  2608 | D        | Bought a potion of heal wounds for 60 gold pieces
  2610 | D        | Bought 2 potions of curing for 78 gold pieces
  2615 | D        | Bought a potion of might for 52 gold pieces
  2650 | D        | Found a snail-covered altar of Cheibriados.
  2650 | D        | Found a shadowy altar of Dithmenos.
  2664 | D        | Noticed a kobold demonologist
  2669 | D        | Paralysed by a giant eyeball for 3 turns
  2670 | D        | Noticed a kobold demonologist
  2685 | D        | Killed a kobold demonologist
  2686 | D        | Noticed a demonic crawler
  2686 | D        | Noticed a demonic crawler
  2686 | D        | Noticed a demonic crawler
  2686 | D        | Noticed a demonic crawler
  2692 | D        | Killed a kobold demonologist
  2700 | D        | Killed a demonic crawler
  2717 | D        | Killed a demonic crawler
  2717 | D        | Reached skill level 5 in Long Blades
  2727 | D        | Killed a demonic crawler
  2731 | D        | Killed a demonic crawler
  2791 | D        | Noticed a gargoyle
  2806 | D        | Killed a gargoyle
  2921 | D        | Noticed a lindwurm
  2928 | D        | Killed a lindwurm
  2932 | D        | Noticed a hog
  2932 | D        | Noticed a hog
  2932 | D        | Noticed a hog
  2932 | D        | Noticed a hog
  2932 | D        | Noticed a hog
  2932 | D        | Noticed a hog
  2932 | D        | Noticed a hog
  2932 | D        | Noticed a hog
  2932 | D        | Noticed a hog
  2932 | D        | Noticed a hog
  2932 | D        | Noticed a hog
  2934 | D        | Noticed a hog
  2939 | D        | Noticed a hog
  2939 | D        | Killed a hog
  2947 | D        | Killed a hog
  2956 | D        | Killed a hog
  2964 | D        | Killed a hog
  2970 | D        | Killed a hog
  2977 | D        | Killed a hog
  2980 | D        | Killed a hog
  2984 | D        | Killed a hog
  2984 | D        | Reached skill level 10 in Long Blades
  2989 | D        | Killed a hog
  2997 | D        | Killed a hog
  3001 | D        | Killed a hog
  3009 | D        | Killed a hog
  3015 | D        | Killed a hog
  3015 | D        | Received a gift from Okawaru
  3026 | D        | Got a polished broad axe {god gift}
  3027 | D        | Identified the +8 broad axe of Oddoxtuxt {venom, rPois rC- MR+ Str+2 Dex+4} (Okawaru gifted it to you in the Dungeon)
  3250 | D        | Bought a runed scimitar for 100 gold pieces
  3258 | D        | Bought a glass wand for 84 gold pieces
  3258 | D        | Bought a glowing sapphire potion for 18 gold pieces
  3258 | D        | Bought a pink potion for 18 gold pieces
  3309 | D        | Noticed Norris
  3341 | D        | Slain by a lorocyproca

Action                   |  1- 3 |  4- 6 |  7- 9 | 10-12 || total
-------------------------+-------+-------+-------+-------++-------
Melee: Short sword       |       |     2 |       |   236 ||   238
       Dagger            |       |       |    37 |       ||    37
       Long sword        |       |       |       |   158 ||   158
       Scimitar          |       |       |       |    17 ||    17
 Fire: Blowgun           |       |       |       |     6 ||     6
Throw: Javelin           |       |       |       |     1 ||     1
Evoke: Wand              |     5 |    16 |    19 |    21 ||    61
  Use: Scroll            |       |       |     1 |     2 ||     3
       Potion            |       |       |       |    15 ||    15
  Eat: Chunk             |       |       |       |     6 ||     6
       Fruit             |       |       |       |     3 ||     3
